 Dungeon Crawl Stone Soup version 0.28.0-53-g5a82cb258f (webtiles) character file.

Game seed: 1132032910791676764

686 CryoSword the Stinger (level 7, 0/52 HPs)
             Began as a Demonspawn Venom Mage on May 23, 2022.
             Was an Initiate of Ashenzari.
             Slain by a gnoll
             ... wielding a +0 flail
              (6 damage)
             ... on level 4 of the Dungeon.
             The game lasted 00:07:54 (7725 turns).

CryoSword the Stinger (Demonspawn Venom Mage)       Turns: 7725, Time: 00:07:54

Health: 0/52       AC:  6    Str: 11    XL:     7   Next: 35%
Magic:  3/10       EV: 12    Int: 16    God:    Ashenzari [......]
Gold:   192        SH:  0    Dex: 13    Spells: 0/10 levels left

rFire   . . .      SeeInvis .   k - +2 mace (vorpal)
rCold   . . .      Faith    .   (no shield)
rNeg    . . .      Spirit   .   a - +1 robe
rPois   .          Reflect  .   (helmet restricted)
rElec   .          Harm     .   b - +0 cloak
rCorr   .          Rampage  .   (no gloves)
Will    .....                   (no boots)
Stlth   ++........              (no amulet)
HPRegen 0.17/turn               (no ring)
MPRegen 0.12/turn               (no ring)

@: no status effects
A: antennae 1, icy blue scales 1, spiny 1
a: Renounce Religion, Curse Item


You were on level 4 of the Dungeon.
You worshipped Ashenzari.
Ashenzari was noncommittal.
You visited 1 branch of the dungeon, and saw 4 of its levels.
You also visited: Sewer.

You collected 192 gold pieces.

Inventory:

Hand Weapons
 k - a +2 vorpal mace (weapon)
   (You took it off an orc on level 3 of the Dungeon)
Missiles
 e - 17 poisoned darts
Armour
 a - a +1 robe (worn)
 b - a +0 cloak (worn)
   (You found it on level 2 of the Dungeon)
Wands
 l - a wand of charming (5)
   (You took it off a kobold brigand on level 3 of the Dungeon)
Scrolls
 c - 2 scrolls of teleportation {@r4}
 d - a scroll of identify {unknown}
 h - a scroll of fear {unknown}
 m - a scroll of holy word {unknown}
 n - a scroll of amnesia {unknown}
 p - a scroll of vulnerability {unknown}
 r - a scroll of magic mapping {unknown}
Potions
 f - 2 potions of degeneration {unknown}
 g - 2 potions of mutation {unknown}
 i - a potion of attraction {unknown}
 o - 5 potions of heal wounds {unknown}
 q - a potion of might {unknown}
 s - a potion of flight {unknown}


   Skills:
 * Level 3.6 Fighting
 * Level 2.0 Maces & Flails
 - Level 3.0 Dodging
 - Level 2.0 Stealth
 - Level 2.0 Spellcasting
 + Level 2.4 Transmutations
 * Level 3.0 Air Magic
 * Level 4.8 Poison Magic


You couldn't memorise any spells.
You knew the following spells:

 Your Spells              Type           Power      Damage    Failure   Level
a - Sting                 Tmut/Pois      52%        1d5       4%          1
b - Poisonous Vapours     Pois/Air       28%        N/A       6%          2
c - Olgreb's Toxic Radia  Pois           17%        N/A       28%         4
C - Mephitic Cloud        Conj/Pois/Air  10%        N/A       22%         3

Your spell library contained the following spells:

 Spells                   Type           Power      Damage    Failure   Level
 Static Discharge         Conj/Air       6%         N/A       17%         2
 Dazzling Flash           Conj/Hex       2%         N/A       52%         3
 Tukima's Dance           Hex            1%         N/A       52%         3
 Anguish                  Hex/Necr       0%         N/A       90%         4
 Dispel Undead            Necr           1%         3d6       90%         4
 Sticky Flame             Conj/Fire      1%         2d3       90%         4
 Silence                  Hex/Air        3%         N/A       97%         5
 Agony                    Necr           1%         N/A       99%         5
 Enfeeble                 Hex            0%         N/A       100%        7


Dungeon Overview and Level Annotations

Branches:
Dungeon (4/15)              Sewer (visited)
 Temple: D:4-7

Altars:
Ashenzari
Cheibriados
Hepliaklqana

Annotations:
D:3 1 runed translucent door, Banquo's ghost, amateur GrGl


Innate Abilities, Weirdness & Mutations

You have a pair of small antennae on your head.
You are partially covered in icy blue scales. (AC +2)
You are partially covered in sharp spines.


Message History

You feel sick.
You feel sick.
You feel sick.
You feel sick.
You feel sick.
You feel sick.
You feel sick.
You feel sick.
You are no longer poisoned.
You start resting.
You start resting.
As you read the scroll labelled ADWOTHR QOYLANG, it crumbles to dust.
You hear a loud clanging noise!
It was a scroll of noise.
You hear a shout! x5
You drop a scroll of noise {!r}.
Search for what [? for help]? armor This spell is quite dangerous to cast!
Memorise Olgreb's Toxic Radiance, consuming 4 spell levels and leaving 0?
You start memorising the spell.
You continue memorising. x4
You finish memorising.
Spell assigned to 'c'.
Okay, then.
You see here a scroll of noise {!r}.
An ice beast comes into view.
An ice beast is nearby!
An ice beast is nearby!
The ice beast is struck by your spines. The ice beast hits you.
The ice beast freezes you.
You barely miss the ice beast. The ice beast is struck by your spines.
The ice beast hits you but does no damage.
The ice beast is struck by your spines. The ice beast completely misses you.
You barely miss the ice beast. Your punch misses the ice beast.
An adder comes into view.
The ice beast hits you. The ice beast freezes you!
You are too injured to fight recklessly!
You are too injured to fight recklessly!
The ice beast is struck by your spines. The ice beast misses you.
The ice beast closely misses you.
Aim: an ice beast (severely wounded, 71% to hit)
The sting hits the ice beast.
The ice beast partially resists.
The ice beast hits you. The ice beast freezes you!
* * * LOW HITPOINT WARNING * * *
You hit the ice beast. The ice beast is struck by your spines.
The ice beast closely misses you.
You hit the ice beast.
You kill the ice beast!
Training target 3.0 for Dodging reached!
Your Maces & Flails skill increases to level 2!
Your Dodging skill increases to level 3!
Your Air Magic skill increases to level 3!
There is a stone staircase leading up here.
You climb upwards.
Level annotation: 1 runed translucent door, Banquo's ghost, amateur GrGl
There is a stone staircase leading down here.
You start resting.
Banquo's ghost stares at you.
Banquo's ghost whispers, "They're coming for you..."
Banquo's ghost ripples.
Banquo's ghost says very slowly, "There's no hope."
Banquo's ghost screams, "You must not fail where I succeeded!"
Banquo's ghost keens inconsolably.
Banquo's ghost whispers, "There is no future for you."
Banquo's ghost lets out a mournful wail.
Banquo's ghost mumbles, "They all look like pillowcases to me..."
Banquo's ghost screams, "Don't try to defend!
You have no chance!"
You start waiting.
Banquo's ghost says, "Try not to bleed too much."
Banquo's ghost wails, "Very impressive.
But it won't help.
Nothing will."
Banquo's ghost whispers, "The ORB doesn't exist." x2
Banquo's ghost whispers, "Death is liberation."
Done waiting.
You climb downwards.
There is a stone staircase leading up here.
A dart slug comes into view.
A dart slug is nearby!
A dart slug is nearby!
A dart slug is nearby!
Aim: a dart slug (wandering, hasn't noticed you) Poisonous vapours surround the dart slug!
The dart slug is poisoned.
Aim: a dart slug (lightly wounded, poisoned)
You miscast Poisonous Vapours.
You are very lightly contaminated with residual magic.
Nothing appears to happen.
Aim: a dart slug (moderately wounded, poisoned) Poisonous vapours surround the dart slug!
The dart slug looks even sicker.
You kill the dart slug!
No target in view!
Your magical contamination has completely faded away.
A gnoll shaman comes into view. It is wielding a +0 whip.
A gnoll shaman is nearby!
A gnoll shaman is nearby!
The gnoll shaman shouts!
You hear a shout!
The gnoll shaman hits you with a +0 whip.
Aim: a gnoll shaman, wielding a +0 whip, wearing a +0 leather armour and wearing a +0 buckler Poisonous vapours surround the gnoll shaman!
The gnoll shaman is poisoned.
The gnoll shaman calls down the wrath of its god upon you.
You resist with some effort.
Aim: a gnoll shaman, wielding a +0 whip, wearing a +0 leather armour and wearing a +0 buckler (lightly wounded, poisoned) Poisonous vapours surround the gnoll shaman!
The gnoll shaman looks even sicker.
The gnoll shaman misses you.
Aim: a gnoll shaman, wielding a +0 whip, wearing a +0 leather armour and wearing a +0 buckler (lightly wounded, very poisoned, 75% to hit)
The sting hits the gnoll shaman but does no damage.
The gnoll shaman looks even sicker.
The gnoll shaman barely misses you. The gnoll shaman blocks your attack.
The gnoll shaman is struck by your spines.
The gnoll shaman closely misses you.
You hit the gnoll shaman.
A gnoll comes into view. It is wielding a +0 flail.
The gnoll shaman hits you with a +0 whip.
You closely miss the gnoll shaman.
The gnoll shaman is struck by your spines.
The gnoll shaman hits you with a +0 whip.
The gnoll closely misses you.
You barely miss the gnoll shaman.
The gnoll shaman prays to its god.
The gnoll shaman is healed somewhat.
The gnoll is struck by your spines. The gnoll hits you with a +0 flail!
A gnoll comes into view. It is wielding a +0 halberd.
The gnoll shaman hits you with a +0 whip.
The gnoll shaman calls upon its god to heal the gnoll.
The gnoll's wounds heal themselves!
The gnoll shaman closely misses you.
The gnoll shaman calls upon its god to speed up the gnoll.
The gnoll seems to speed up.
Aim: a gnoll, wielding a +0 flail and wearing a +0 chain mail (83% to hit)
The sting hits the gnoll but does no damage.
The gnoll is poisoned.
The gnoll hits you from afar with a +0 halberd!
* * * LOW HITPOINT WARNING * * *
The gnoll hits you with a +0 flail.
* * * LOW HITPOINT WARNING * * *
Aim: a gnoll, wielding a +0 flail and wearing a +0 chain mail (poisoned, 83% to hit)
The sting hits the gnoll but does no damage.
The gnoll looks even sicker.
The gnoll hits you from afar with a +0 halberd.
* * * LOW HITPOINT WARNING * * *
The gnoll is struck by your spines. The gnoll barely misses you. x2
The gnoll shaman mumbles some strange prayers to its god.
The gnoll shaman is healed somewhat.
The gnoll shaman mumbles some strange prayers to its god.
The gnoll shaman is healed somewhat.
Aim: a gnoll, wielding a +0 halberd (fast, 75% to hit)
The sting hits the gnoll.
The gnoll looks even sicker.
The gnoll hits you from afar with a +0 halberd!
* * * LOW HITPOINT WARNING * * *
The gnoll hits you with a +0 flail.
You die...

#####........≈.≈≈≈≈≈..##.##
...........#.....≈....##...
#....##..........##...
#.##g###..........)... .##
#.##.##....#####.##... ..##
#g##.##.#[## #.##... ...
#.##g#..#.# #.##...
#..#g##g#.#..#### #..#...
##.#.#..@.......# ##.....
#............)..# ##....
#..#............# #..##
#....#............# #.###
#..#..............# ### #
#..##.............# #
###.................### #
#........#..###.###...#####
#
.........#..###.#####..#..#
#


You could see a gnoll shaman and 2 gnolls.

Vanquished Creatures
  A water moccasin (D:4)
  An ice beast (D:4)
  A kobold brigand (D:3)
  A scorpion (D:4)
  Natasha (thrice) (D:2)
  Terence (D:2)
  An iguana (D:4)
  A mummy (D:3)
  3 gnolls
  7 adders
  4 river rats
  3 worms
  3 dart slugs
  5 orcs (D:3)
  6 ball pythons
  2 endoplasms
  2 giant cockroaches (D:1)
  9 hobgoblins
  6 jackals (D:1)
  2 quokkas
  7 bats
  7 frilled lizards
  3 goblins
  4 kobolds
  15 rats
98 creatures vanquished.

Vanquished Creatures (others)
  7 fungi (D:3)
  5 toadstools (D:3)
12 creatures vanquished.

Grand Total: 110 creatures vanquished

Notes
Turn   | Place    | Note
-------+----------+-------------------------------------------
     0 | D:1      | CryoSword the Demonspawn Venom Mage began the quest for the
                  | Orb.
     0 | D:1      | Reached XP level 1. HP: 13/13 MP: 3/3
    93 | D:1      | Reached skill level 1 in Transmutations
   344 | D:1      | Gained mutation: You are partially covered in sharp spines.
                  | [demonic ancestry]
   344 | D:1      | Reached XP level 2. HP: 10/20 MP: 0/5
   602 | D:1      | Reached skill level 1 in Fighting
   752 | D:1      | Gained mutation: You are partially covered in icy blue
                  | scales. (AC +2) [demonic ancestry]
   752 | D:1      | Reached XP level 3. HP: 25/26 MP: 4/6
   755 | D:1      | Learned a level 2 spell: Poisonous Vapours
  1296 | D:2      | Noticed Natasha
  1302 | D:2      | Killed Natasha
  1347 | D:2      | Noticed Natasha
  1357 | D:2      | Killed Natasha
  1358 | D:2      | Reached skill level 1 in Air Magic
  1358 | D:2      | Reached XP level 4. HP: 3/33 MP: 1/7
  1644 | D:2      | Found a faded altar of an unknown god.
  1849 | D:2      | Noticed Natasha
  1859 | D:2      | Killed Natasha
  1966 | D:2      | Learned a level 3 spell: Mephitic Cloud
  2088 | D:2      | Noticed Terence
  2100 | D:2      | Killed Terence
  2101 | D:2      | Gained mutation: You have a pair of small antennae on your
                  | head. [demonic ancestry]
  2101 | D:2      | Reached XP level 5. HP: 29/38 MP: 1/8
  2451 | D:2      | Found a faded altar of an unknown god.
  3717 | D:2      | Found a faded altar of an unknown god.
  4475 | D:2      | Found a faded altar of an unknown god.
  4921 | D:3      | Found a runed translucent door.
  4954 | D:3      | Reached skill level 4 in Poison Magic
  5466 | D:3      | Found a broken altar of Ashenzari.
  5555 | D:3      | Became a worshipper of Ashenzari the Shackled
  5676 | D:3      | Found a snail-covered altar of Cheibriados.
  5823 | D:3      | Found a hazy altar of Hepliaklqana.
  5825 | D:3      | Found a faded altar of an unknown god.
  5836 | D:3      | Reached XP level 6. HP: 35/46 MP: 5/9
  6130 | D:3      | Noticed Banquo's ghost (amateur GrGl)
  6195 | D:4      | Reached skill level 1 in Maces & Flails
  6210 | D:4      | Found a glowing drain.
  6278 | Sewer    | Entered a sewer
  7141 | D:4      | Noticed a water moccasin
  7152 | D:4      | Killed a water moccasin
  7153 | D:4      | Reached XP level 7. HP: 32/52 MP: 6/10
  7357 | D:4      | Learned a level 4 spell: Olgreb's Toxic Radiance
  7725 | D:4      | Slain by a gnoll

Illustrated notes

Levels and vault maps discovered:
D:1:      scummos_arrival_star, layout_rooms
D:2:      layout_basic, shapermc_ecumenical_altar_flowoftime, uniq_natasha,
          uniq_terence
D:3:      layout_basic, beargit_hepliaklqana_dungeon_heroes, slow_altar_1,
          mainiacjoe_overflow_brackets, ebering_ghost_inner_flame,
          minmay_gold_behind_fungi
D:4:      kennysheep_slugbush, layout_rooms, lightli_sewer_entry_pipes

Skill      XL: |  1  2  3  4  5  6  7 |
---------------+----------------------+-----
Transmutations | 1 2 |  2.4
Fighting       | 1 2 3 |  3.6
Stealth        | 2 |  2.0
Dodging        | 2 3 |  3.0
Air Magic      | 1 2 3 |  3.0
Poison Magic   | 4 |  4.8
Maces & Flails | 1 2 |  2.0
Spellcasting   | |  2.0

Action                   |  1- 3 |  4- 6 |  7- 9 || total
-------------------------+-------+-------+-------++-------
Melee: Dagger            |    29 |       |       ||    29
       Punch             |     2 |     2 |       ||     4
       Spear             |     7 |    36 |       ||    43
       Mace              |       |    63 |     8 ||    71
 Cast: Sting             |    41 |    60 |     5 ||   106
       Poisonous Vapours |       |    14 |     4 ||    18
  Use: Scroll            |     2 |       |     1 ||     3
 Stab: Sleeping          |       |     6 |       ||     6
Armor: Robe              |    18 |    30 |     1 ||    49
Dodge: Dodged            |    49 |    52 |    11 ||   112
